 Dungeon Crawl Stone Soup version 0.25.0-1-g7eea58d2a3 (webtiles) character file.

Game seed: 2184262840796585683

3172 tognito the Severer (level 9, -9/70 HPs)
             Began as a Minotaur Berserker on June 14, 2020.
             Was an Elder of Trog.
             Mangled by a large abomination (27 damage)
             ... on level 2 of the Abyss.
             The game lasted 00:17:37 (5752 turns).

tognito the Severer (Minotaur Berserker)            Turns: 5752, Time: 00:17:38

Health: -9/70      AC: 13    Str: 23      XL:     9   Next: 63%
Magic:  8/8        EV:  8    Int:  4      God:    Trog [****..]
Gold:   124        SH:  0    Dex:  9 (10) Spells: 8/8 levels left

rFire    . . .     SeeInvis +   a - +2 hand axe (flame)
rCold    . . .     Gourm    .   (no shield)
rNeg     . . .     Faith    .   w - +0 chain mail
rPois    .         Spirit   .   (helmet unavailable)
rElec    .         Reflect  .   u - +1 cloak
rCorr    .         Harm     .   l - +0 pair of gloves
MR       +....     Rnd*Rage +   v - +0 pair of boots
Stlth    ..........             z - amulet of magic regeneration
HPRegen  0.61/turn              A - ring of protection from magic
MPRegen  0.36/turn              q - ring of see invisible

@: berserk cooldown, slowed, very slow
A: retaliatory headbutt, horns 3, berserk 1, regeneration 1, weak 1, subdued
magic 1
a: Berserk, Trog's Hand, Brothers in Arms, Renounce Religion


You were on level 2 of the Abyss.
You worshipped Trog.
Trog was greatly pleased with you.
You were hungry.

You visited 1 branch of the dungeon, and saw 7 of its levels.
You visited the Abyss 1 time.
You also visited: Ossuary.

You collected 371 gold pieces.
You spent 247 gold pieces at shops.

Inventory:

Hand Weapons
 a - a +2 hand axe of flaming (weapon)
 b - a +0 arbalest
Missiles
 d - 99 arrows
 e - 24 bolts
 y - 15 poisoned darts (quivered)
 B - 6 atropa-tipped darts
Armour
 l - a +0 pair of gloves (worn)
 u - a +1 cloak (worn)
 v - a +0 pair of boots (worn)
 w - a +0 chain mail (worn)
Jewellery
 q - a ring of see invisible (right hand)
 z - an amulet of magic regeneration (around neck)
 A - a ring of protection from magic (left hand)
Wands
 o - a wand of acid (9)
 p - a wand of digging (5)
Scrolls
 f - a scroll of enchant weapon
 g - 4 scrolls of teleportation
 j - 10 scrolls of identify
 k - a scroll of enchant armour
 n - a scroll of fear {unknown}
 s - 6 scrolls of remove curse
 t - a scroll of fog
Potions
 h - 7 potions of curing
 i - 2 potions of ambrosia
 m - 3 potions of stabbing
 r - 2 potions of heal wounds
 x - 3 potions of invisibility
 C - a potion of haste
Comestibles
 c - 18 rations


   Skills:
 - Level 3.6 Fighting
 * Level 15.5 Axes
 - Level 2.4 Armour
 - Level 2.1 Dodging


You had 8 spell levels left.
You didn't know any spells.
Your spell library was empty.

Dungeon Overview and Level Annotations

Branches:
Dungeon (7/15)             Temple (0/1) D:5         Ossuary (visited)

Altars:

Shops:
D:5 *   D:6 [

Annotations:
D:7 Maggie


Innate Abilities, Weirdness & Mutations

You reflexively headbutt those who attack you in melee.
You have a pair of large horns on your head.
You tend to lose your temper in combat.
Your natural rate of healing is unusually fast.
You are weak. (Str -2)
Your spells are a little easier to cast, but a little less powerful.


Message History

Your skin stops crawling.
You feel less resistant to hostile enchantments.
The large abomination hits you!!
* * * LOW HITPOINT WARNING * * *
You hit the large abomination but do no damage.
You headbutt the large abomination.
The large abomination is moderately damaged.
The large abomination hits you but does no damage.
You hit the large abomination but do no damage.
You headbutt the large abomination, but do no damage.
The large abomination is moderately damaged.
The large abomination barely misses you.
You're still recovering from your berserk rage.
You hit the large abomination. You burn the large abomination.
The large abomination is moderately damaged.
A wretched star comes into view.
You feel much better. The large abomination hits you!
* * * LOW HITPOINT WARNING * * *
The large abomination hits you!!
You die...

.. . . ### . .. #
. ##.. . . # .
...# ..ยง . . #
##.## ..#..
..##.#...##_).#...
#.....X......#
#..@.# # . .
###.## # ##.# ##
##.*# ### # .
#.#.### .. # 5.
####.....##. . ...
#........ .. ..#
...##...#.........
#
.##.#..##..#.#..#.


You could see a wretched star and a large abomination.

Vanquished Creatures
  An orange demon (Abyss:2)
  A chaos spawn (Abyss:2)
  2 neqoxecs (Abyss:2)
  Edmund (D:6)
  Duvessa (D:5)
  An ice beast (D:5)
  A necrophage (D:6)
  A sky beast (D:7)
  3 ogres
  2 centaurs (D:6)
  A big kobold (D:5)
  2 bullfrogs (D:7)
  2 water moccasin zombies (Ossuary)
  A small abomination (Abyss:2)
  Dowan (D:5)
  2 scorpions
  3 wights (D:7)
  A howler monkey (D:7)
  A crimson imp (D:5)
  5 orc wizards
  Crazy Yiuf (D:5)
  2 orc priests
  A quasit (Abyss:2)
  2 hounds
  A bullfrog skeleton (D:5)
  2 iguanas (D:6)
  7 worker ants
  A big kobold zombie (Ossuary)
  2 mummies (Ossuary)
  A worker ant zombie (D:6)
  A howler monkey zombie (D:6)
  3 gnolls (D:3)
  5 adders
  4 oozes
  An adder skeleton (D:6)
  9 adder zombies
  3 worms
  3 dart slugs
  3 leopard geckos
  21 orcs
  A ball python (D:4)
  7 bats
  2 giant cockroaches
  A gnoll zombie (Ossuary)
  5 goblins
  5 hobgoblins
  4 jackals (D:6)
  3 quokkas
  7 frilled lizards
  6 hobgoblin zombies (Ossuary)
  9 kobolds
  4 kobold zombies (Ossuary)
  A leopard gecko skeleton (D:4)
  A leopard gecko zombie (D:2)
  4 orc zombies (Ossuary)
  6 rats
172 creatures vanquished.

Notes
Turn   | Place    | Note
-------+----------+-------------------------------------------
     0 | D:1      | tognito the Minotaur Berserker began the quest for the Orb.
     0 | D:1      | Reached XP level 1. HP: 19/19 MP: 0/0
     0 | D:1      | Noticed a minotaur skeleton
    11 | D:1      | Noticed a minotaur skeleton
   164 | D:1      | Reached skill level 4 in Axes
   293 | D:1      | Reached XP level 2. HP: 26/26 MP: 1/1
   969 | D:2      | Reached skill level 5 in Axes
  1215 | D:2      | Reached XP level 3. HP: 31/31 MP: 2/2
  1226 | D:2      | Reached ** piety under Trog
  1743 | D:3      | Reached skill level 6 in Axes
  1743 | D:3      | Reached XP level 4. HP: 14/39 MP: 3/3
  2297 | D:3      | Gained mutation: Your spells are a little easier to cast,
                  | but a little less powerful. [potion of mutation]
  2297 | D:3      | Gained mutation: You are weak. (Str -2) [potion of
                  | mutation]
  2297 | D:3      | Gained mutation: You have a pair of large horns on your
                  | head. [potion of mutation]
  2297 | D:3      | Gained mutation: Your natural rate of healing is unusually
                  | fast. [potion of mutation]
  2690 | D:4      | Reached XP level 5. HP: 40/45 MP: 4/4
  2721 | D:4      | Noticed an ogre
  2728 | D:4      | Reached skill level 7 in Axes
  2731 | D:4      | Killed an ogre
  2731 | D:4      | Reached skill level 8 in Axes
  3043 | D:4      | Noticed an ogre
  3054 | D:4      | Killed an ogre
  3054 | D:4      | Reached XP level 6. HP: 29/51 MP: 5/5
  3270 | D:4      | Reached skill level 9 in Axes
  3531 | D:5      | Entered Level 5 of the Dungeon
  3577 | D:5      | Reached *** piety under Trog
  3582 | D:5      | Reached XP level 7. HP: 55/57 MP: 6/6
  3825 | D:5      | Reached skill level 10 in Axes
  3906 | D:5      | Found a staircase to the Ecumenical Temple.
  3932 | D:5      | Found Qusmim's Assorted Antiques.
  4028 | D:5      | Reached skill level 11 in Axes
  4098 | D:5      | Found a runed translucent door.
  4100 | D:5      | Noticed Crazy Yiuf
  4106 | D:5      | Killed Crazy Yiuf
  4172 | D:5      | Noticed Dowan
  4188 | D:5      | Killed Dowan
  4215 | D:5      | Reached XP level 8. HP: 60/64 MP: 7/7
  4229 | D:5      | Noticed Duvessa
  4237 | D:5      | Killed Duvessa
  4650 | D:6      | Noticed Edmund
  4653 | D:6      | Reached skill level 12 in Axes
  4665 | D:6      | Killed Edmund
  4827 | D:6      | Reached **** piety under Trog
  4902 | D:6      | Reached skill level 13 in Axes
  4978 | D:6      | Found Waumeb's Antique Armour Emporium.
  4988 | D:6      | Bought a pair of faintly humming gloves for 247 gold pieces
  4993 | D:6      | Identified the +0 pair of gloves of Rotation {rN++ Str-4}
                  | (You bought it in a shop on level 6 of the Dungeon)
  5051 | D:6      | Found a sand-covered staircase.
  5056 | Ossuary  | Entered an ossuary
  5434 | D:6      | Reached XP level 9. HP: 69/69 MP: 8/8
  5495 | D:7      | Reached skill level 14 in Axes
  5640 | D:7      | Noticed Maggie
  5648 | D:7      | Cast into level 2 of the Abyss (Maggie)
  5648 | Abyss:2  | Found a corrupted altar of Lugonu.
  5680 | Abyss:2  | Noticed an orange demon
  5691 | Abyss:2  | Killed an orange demon
  5704 | Abyss:2  | Reached skill level 15 in Axes
  5705 | Abyss:2  | Gained mutation: You tend to lose your temper in combat. [a
                  | neqoxec]
  5748 | Abyss:2  | HP: 2/69 [large abomination (32)]
  5751 | Abyss:2  | Noticed a wretched star
  5752 | Abyss:2  | Mangled by a large abomination

Illustrated notes

Levels and vault maps discovered:
D:1:      shiori_arrival_whats_in_store_for_you, layout_basic,
          grunt_decor_arrowhead
D:2:      layout_loops_corners
D:3:      layout_basic
D:4:      minmay_razor_zed, layout_loops_ring
D:5:      cheibrodos_thug_alley, layout_basic, minmay_temple_entry_slanted,
          serial_glass, glass_columns_b, glass_columns_c, first_ration,
          serial_shops, shop_statue, uniq_duvessa, uniq_crazy_yiuf_cottage
D:6:      layout_rooms, enter_ossuary_2, serial_shops, nicolae_shop_statue_plus,
          uniq_edmund
D:7:      layout_loops_ring, uniq_maggie
Abyss:2:  base:
D:4

Skill      XL: |  1  2  3  4  5  6  7  8  9 |
---------------+----------------------------+-----
Axes           | 4 5 6 8 9 11 13 15 | 15.5
Fighting       | |  3.6
Armour         | |  2.4
Dodging        | |  2.1

Action                   |  1- 3 |  4- 6 |  7- 9 || total
-------------------------+-------+-------+-------++-------
Melee: Hand axe          |    79 |    81 |   223 ||   383
       Headbutt          |    16 |    15 |    38 ||    69
 Fire: Arbalest          |       |    14 |    52 ||    66
Throw: Dart              |       |    10 |    11 ||    21
Invok: Berserk           |     1 |     2 |       ||     3
       Trog's Hand       |       |       |     1 ||     1
  Use: Potion            |     5 |     4 |     6 ||    15
       Scroll            |       |       |     8 ||     8
 Stab: Invisible         |       |     3 |     1 ||     4
  Eat: Chunk             |     3 |     8 |     7 ||    18
Armor: Ring mail         |     6 |       |       ||     6
       Scale mail        |    15 |    20 |    48 ||    83
       Chain mail        |       |       |    49 ||    49
Dodge: Dodged            |    21 |    41 |    95 ||   157
Block: Kite shield       |    29 |       |       ||    29
